Stars vs Predators

Created - Thursday, October 09, 2014 at 23:02

Goals
1 2 3 T
Stars 1 2 2 5
Predators 2 1 1 4
Shots
1 2 3 T
Stars 9 10 9 28
Predators 14 10 14 38

1st period

1. Predators , Roman Josi 1 (Patrick Maroon, Tomas Plekanec) at 3:57
2. Stars , Rob Klinkhammer 2 (Joe Corvo, Erik Haula) at 7:39
3. Predators , Corey Perry 1 (Nick Schultz) at 12:58

Penalties :
Zach Sill (Dal) for Holding (Minor) at 1:16, Michael Ryder (Dal) for Tripping (Minor) at 8:52, Patrick Maroon (Nsh) for Tripping (Minor) at 17:00

2nd period

4. Stars , Rob Klinkhammer 3 (Erik Haula, Eric Brewer) at 10:17
5. Stars , Cory Conacher 1 (Patrick Eaves, Joe Corvo) at 15:27 (PP)
6. Predators , Evander Kane 3 (Patrice Bergeron, Trevor Daley) at 19:33 (PP)

Penalties :
Bruno Gervais (Dal) for Tripping (Minor) at 1:41, Cory Conacher (Dal) for Interference (Minor) at 11:06, Trevor Daley (Nsh) for Tripping (Minor) at 11:10, Nick Schultz (Nsh) for Hooking (Minor) at 15:06, Miikka Salomaki (Dal) for Hooking (Minor) at 18:43

3rd period

7. Stars , Eric Brewer 1 (Cory Conacher, Zach Sill) at 10:32 (PP)
8. Predators , Damien Brunner 1 (Antoine Vermette, Valtteri Filppula) at 10:51
9. Stars , Ian Cole 1 (Rob Klinkhammer) at 14:18

Penalties :
Brian Boyle (Dal) for Interference (Minor) at 6:09, Antoine Vermette (Nsh) for High sticking (Minor) at 6:13, Ed Jovanovski (Nsh) for Roughing (Minor) at 9:52

Goalie Stats

Robin Lehner (Dal), 34 saves from 38 shots - (0.895), W, 1-1-0, 60:00 minutes
Anders Lindback (Nsh), 23 saves from 28 shots - (0.821), L, 0-1-0, 58:45 minutes

Players Stats for Stars

Player Name              G  A  P  +/- PIM S  H  SB GA TA FO     MP     PP MP  PK MP  
------------------------------------------------------------------------------------
Aaron Johnson            0  0  0   0  0   0  0  0  0  0  0/0     0:00   0:00   0:00 
Brett Ritchie            0  0  0   3  0   2  0  1  0  0  0/0    14:54   0:00   0:00 
Brian Boyle              0  0  0   0  2   0  1  0  0  1  4/7    18:37   0:59   5:16 
Bruno Gervais            0  0  0  -2  2   1  2  1  0  2  0/0    12:51   0:00   0:00 
Cory Conacher            1  1  2  -2  2   5  2  0  3  0  0/0    17:57   2:09   1:35 
Daniel Cleary            0  0  0   0  0   3  0  0  0  0  1/1    13:18   0:59   1:35 
Dmitry Orlov             0  0  0   1  0   1  0  2  2  0  0/0    19:42   1:03   2:37 
Eric Brewer              1  1  2   1  0   1  3  4  1  5  0/0    27:26   2:05   4:18 
Erik Haula               0  2  2   3  0   2  1  1  2  0  9/14   13:26   0:00   0:00 
Ian Cole                 1  0  1   1  0   1  1  2  1  1  0/0    19:42   1:03   2:37 
Jamie Oleksiak           0  0  0  -2  0   2  0  1  0  0  0/0    12:52   0:00   0:00 
Joe Corvo                0  2  2   1  0   1  0  2  0  2  0/0    27:26   2:05   4:18 
Michael Ryder            0  0  0  -1  2   1  0  0  1  1  3/12   24:01   0:55   3:34 
Miikka Salomaki          0  0  0  -1  2   0  1  0  1  0  0/1    10:46   0:04   1:15 
Patrick Eaves            0  1  1  -2  0   0  1  1  3  0  0/0    15:34   2:05   0:00 
Rob Klinkhammer          2  1  3   3  0   8  0  0  1  1  1/1    17:20   0:08   0:00 
Spencer Machacek         0  0  0  -1  0   0  0  1  1  0  0/1     7:06   0:00   0:00 
Zach Sill                0  1  1  -2  2   0  1  1  0  0  6/15   16:11   2:05   0:35 

Players Stats for Predators

Player Name              G  A  P  +/- PIM S  H  SB GA TA FO     MP     PP MP  PK MP  
------------------------------------------------------------------------------------
Antoine Vermette         0  1  1  -1  2   4  4  0  1  0  11/17  19:53   3:43   1:35 
Ben Smith                0  0  0   1  0   2  0  1  0  0  0/0     6:54   0:00   0:00 
Brian Lashoff            0  0  0  -1  0   2  0  3  1  0  0/0    15:00   0:00   1:14 
Cody Eakin               0  0  0  -1  0   2  0  0  2  1  0/0    12:56   0:00   1:35 
Corey Perry              1  0  1   1  0   4  4  1  3  0  0/0    19:23   3:44   0:04 
Corey Tropp              0  0  0   0  0   0  0  0  0  0  0/0     0:00   0:00   0:00 
Damien Brunner           1  0  1  -1  0   3  2  0  1  0  1/4    17:23   3:11   0:00 
Ed Jovanovski            0  0  0   0  2   4  2  1  0  2  0/0    18:18   2:14   0:08 
Eric Fehr                0  0  0  -1  0   2  2  0  1  0  2/2    11:21   0:00   0:00 
Evander Kane             1  0  1   1  0   2  1  4  3  0  0/0    20:44   3:11   1:29 
Nick Schultz             0  1  1   1  2   1  1  1  0  0  0/0    21:25   0:00   1:14 
Patrice Bergeron         0  1  1   1  0   1  1  0  4  0  7/20   19:51   3:11   0:08 
Patrick Maroon           0  1  1   1  2   0  3  0  0  0  0/0     7:01   0:00   0:00 
Roman Josi               1  0  1   1  0   2  0  2  0  3  0/0    27:14   4:41   1:50 
Tomas Plekanec           0  1  1   0  0   5  0  3  5  1  6/8    19:45   0:00   1:25 
Trevor Daley             0  1  1   0  2   2  1  0  0  2  0/0    20:12   4:40   1:50 
Valtteri Filppula        0  1  1  -1  0   1  1  0  2  0  1/1    17:35   3:44   0:00 
Victor Bartley           0  0  0  -1  0   1  1  4  0  1  0/0    18:02   2:14   0:00 

3 Stars

1 - Rob Klinkhammer (Dal)
2 - Eric Brewer (Dal)
3 - Erik Haula (Dal)

Power Play

Stars - 2 on 5 Attempt(s) - 40.00%
Predators - 1 on 6 Attempt(s) - 16.67%

Penalty Kill

Stars - 5 on 6 Attempt(s) - 83.33% - Score 0 goal in Penalty Kill
Predators - 3 on 5 Attempt(s) - 60.00% - Score 0 goal in Penalty Kill

Official

Referees : Unknown
Linesman : Unknown

Game Notes

No Game Note

Finance

Level 1 -- Attendance: 5205 (86.75%) -- Ticket Income $458,040
Level 2 -- Attendance: 4541 (90.82%) -- Ticket Income $240,673
Level 3 -- Attendance: 1956 (97.80%) -- Ticket Income $60,636
Level 4 -- Attendance: 3950 (98.75%) -- Ticket Income $75,050
Luxury Box -- Attendance: 885 (88.50%) -- Ticket Income $159,300
Game was played at the Gaylord Entertainment Center
Total Attendance: 16537 (91.87%)
Total Ticket Income: $993,699
Other Income: $486,913
Total Income: $1,480,612

Stars

5 vs 5 Forward 
   Center                   Left Wing                Right Wing               Time % Phy DF OF 
 1 Brian Boyle              Michael Ryder            Daniel Cleary            35     1   2  2  
 2 Zach Sill                Cory Conacher            Patrick Eaves            30     1   2  2  
 3 Erik Haula               Rob Klinkhammer          Brett Ritchie            22     1   2  2  
 4 Michael Ryder            Miikka Salomaki          Spencer Machacek         13     1   2  2  

5 vs 5 Defense 
   Defense                  Defense                                           Time % Phy DF OF 
 1 Eric Brewer              Joe Corvo                                         35     1   2  2  
 2 Ian Cole                 Dmitry Orlov                                      30     1   2  2  
 3 Bruno Gervais            Jamie Oleksiak                                    22     1   2  2  
 4 Eric Brewer              Joe Corvo                                         13     1   2  2  

PowerPlay Forward 
   Center                   Left Wing                Right Wing               Time % Phy DF OF 
 1 Brian Boyle              Michael Ryder            Daniel Cleary            60     1   2  2  
 2 Zach Sill                Cory Conacher            Patrick Eaves            40     1   2  2  

PowerPlay Defense
   Defense                  Defense                                           Time % Phy DF OF 
 1 Eric Brewer              Joe Corvo                                         60     1   2  2  
 2 Ian Cole                 Dmitry Orlov                                      40     1   2  2  

Penalty Kill 4 Players Forward 
   Center                   Wing                     Time % Phy DF OF 
 1 Michael Ryder            Brian Boyle              60     1   2  2  
 2 Daniel Cleary            Cory Conacher            40     1   2  2  

Penalty Kill 4 Players Defense
   Defense                  Defense                  Time % Phy DF OF 
 1 Eric Brewer              Joe Corvo                60     1   2  2  
 2 Ian Cole                 Dmitry Orlov             40     1   2  2  

Penalty Kill - 3 Players Forward 
   Forward                                           Time % Phy DF OF 
 1 Michael Ryder                                     60     1   2  2  
 2 Brian Boyle                                       40     1   2  2  

Penalty Kill - 3 Players Defense
   Defense                  Defense                  Time % Phy DF OF 
 1 Eric Brewer              Joe Corvo                60     1   2  2  
 2 Ian Cole                 Dmitry Orlov             40     1   2  2  

4 vs 4 Forward 
   Center                   Wing                     Time % Phy DF OF 
 1 Michael Ryder            Brian Boyle              60     1   2  2  
 2 Daniel Cleary            Cory Conacher            40     1   2  2  

4 vs 4 Defense
   Defense                  Defense                  Time % Phy DF OF 
 1 Eric Brewer              Joe Corvo                60     1   2  2  
 2 Ian Cole                 Dmitry Orlov             40     1   2  2  

Last Minutes Offensive
   Center                   Left Wing                Right Wing               Defense                  Defense                  
   Brian Boyle              Michael Ryder            Daniel Cleary            Eric Brewer              Joe Corvo                

Last Minutes Defensive
   Center                   Left Wing                Right Wing               Defense                  Defense                  
   Brian Boyle              Michael Ryder            Daniel Cleary            Eric Brewer              Joe Corvo                

Goaltenders
Starting : Robin Lehner             
Backup : Joacim Eriksson          

Extra Forwards
Normal : Rob Klinkhammer, Brett Ritchie, Miikka Salomaki - PP : Rob Klinkhammer, Brett Ritchie - PK : Miikka Salomaki
Extra Defensemen
Normal : Bruno Gervais, Jamie Oleksiak, Ian Cole - PP : Bruno Gervais - PK : Jamie Oleksiak, Ian Cole
Penalty Shots
Michael Ryder, Brian Boyle, Daniel Cleary, Cory Conacher, Patrick Eaves

Predators

5 vs 5 Forward 
   Center                   Left Wing                Right Wing               Time % Phy DF OF 
 1 Patrice Bergeron         Evander Kane             Corey Perry              29     0   2  3  
 2 Tomas Plekanec           Cody Eakin               Eric Fehr                29     1   3  1  
 3 Antoine Vermette         Valtteri Filppula        Damien Brunner           29     1   1  3  
 4 Tomas Plekanec           Patrick Maroon           Ben Smith                13     1   2  2  

5 vs 5 Defense 
   Defense                  Defense                                           Time % Phy DF OF 
 1 Roman Josi               Nick Schultz                                      30     0   3  2  
 2 Ed Jovanovski            Trevor Daley                                      30     0   3  2  
 3 Brian Lashoff            Victor Bartley                                    27     0   4  1  
 4 Nick Schultz             Roman Josi                                        13     0   4  1  

PowerPlay Forward 
   Center                   Left Wing                Right Wing               Time % Phy DF OF 
 1 Antoine Vermette         Valtteri Filppula        Corey Perry              60     0   0  5  
 2 Patrice Bergeron         Evander Kane             Damien Brunner           40     1   1  3  

PowerPlay Defense
   Defense                  Defense                                           Time % Phy DF OF 
 1 Roman Josi               Trevor Daley                                      65     0   1  4  
 2 Ed Jovanovski            Victor Bartley                                    35     1   1  3  

Penalty Kill 4 Players Forward 
   Center                   Wing                     Time % Phy DF OF 
 1 Tomas Plekanec           Evander Kane             50     1   3  1  
 2 Antoine Vermette         Cody Eakin               50     1   4  0  

Penalty Kill 4 Players Defense
   Defense                  Defense                  Time % Phy DF OF 
 1 Roman Josi               Trevor Daley             50     1   4  0  
 2 Nick Schultz             Brian Lashoff            50     1   4  0  

Penalty Kill - 3 Players Forward 
   Forward                                           Time % Phy DF OF 
 1 Tomas Plekanec                                    50     0   5  0  
 2 Antoine Vermette                                  50     0   5  0  

Penalty Kill - 3 Players Defense
   Defense                  Defense                  Time % Phy DF OF 
 1 Roman Josi               Nick Schultz             50     1   4  0  
 2 Brian Lashoff            Trevor Daley             50     1   4  0  

4 vs 4 Forward 
   Center                   Wing                     Time % Phy DF OF 
 1 Patrice Bergeron         Corey Perry              50     0   2  3  
 2 Antoine Vermette         Evander Kane             50     2   1  2  

4 vs 4 Defense
   Defense                  Defense                  Time % Phy DF OF 
 1 Roman Josi               Trevor Daley             55     1   2  2  
 2 Ed Jovanovski            Nick Schultz             45     1   2  2  

Last Minutes Offensive
   Center                   Left Wing                Right Wing               Defense                  Defense                  
   Patrice Bergeron         Valtteri Filppula        Corey Perry              Roman Josi               Trevor Daley             

Last Minutes Defensive
   Center                   Left Wing                Right Wing               Defense                  Defense                  
   Tomas Plekanec           Evander Kane             Corey Perry              Roman Josi               Trevor Daley             

Goaltenders
Starting : Anders Lindback          
Backup : Kari Lehtonen            

Extra Forwards
Normal : Patrice Bergeron, Corey Perry, Tomas Plekanec - PP : Tomas Plekanec, Cody Eakin - PK : Antoine Vermette
Extra Defensemen
Normal : Roman Josi, Trevor Daley, Nick Schultz - PP : Trevor Daley - PK : Roman Josi, Brian Lashoff
Penalty Shots
Patrice Bergeron, Eric Fehr, Corey Perry, Valtteri Filppula, Antoine Vermette

% Time on Ice - Stars

Lines # - Real PCT - Wanted PCT - Time Play
Normal Forward
1 - 24% - 35% - 10:46
2 - 31% - 30% - 14:14
3 - 30% - 22% - 13:26
4 - 16% - 13% - 7:06
Normal Defense
1 - 33% - 35% - 15:09
2 - 30% - 30% - 13:42
3 - 28% - 22% - 12:52
4 - 8% - 13% - 3:49
PP Forward
1 - 31% - 60% - 0:59
2 - 69% - 40% - 2:09
PP Defense
1 - 66% - 60% - 2:05
2 - 34% - 40% - 1:03
PK Forward
1 - 77% - 60% - 5:20
2 - 23% - 40% - 1:35
PK Defense
1 - 62% - 60% - 4:18
2 - 38% - 40% - 2:37
PK3 Forward
1 - 0% - 60%
2 - 0% - 40%
PK3 Defense
1 - 0% - 60%
2 - 0% - 40%
44 Forward
1 - 92% - 60% - 3:32
2 - 8% - 40% - 0:18
44 Defense
1 - 39% - 60% - 1:30
2 - 61% - 40% - 2:20
Last Minute Offensive  - 0:00
Last Minute Defensive  - 0:35
Total
Forward - 60:00
Defense - 60:00

% Time on Ice - Predators

Lines # - Real PCT - Wanted PCT - Time Play
Normal Forward
1 - 28% - 29% - 12:45
2 - 28% - 29% - 12:37
3 - 29% - 29% - 13:10
4 - 15% - 13% - 6:54
Normal Defense
1 - 30% - 30% - 13:36
2 - 32% - 30% - 14:36
3 - 29% - 27% - 13:16
4 - 9% - 13% - 3:58
PP Forward
1 - 54% - 60% - 3:44
2 - 46% - 40% - 3:11
PP Defense
1 - 68% - 65% - 4:41
2 - 32% - 35% - 2:14
PK Forward
1 - 47% - 50% - 1:29
2 - 53% - 50% - 1:39
PK Defense
1 - 61% - 50% - 1:54
2 - 39% - 50% - 1:14
PK3 Forward
1 - 0% - 50%
2 - 0% - 50%
PK3 Defense
1 - 0% - 50%
2 - 0% - 50%
44 Forward
1 - 40% - 50% - 1:33
2 - 60% - 50% - 2:17
44 Defense
1 - 74% - 55% - 2:50
2 - 26% - 45% - 1:00
Last Minute Offensive  - 0:41
Last Minute Defensive  - 0:00
Total
Forward - 60:00
Defense - 60:00

Play by Play

1st period


0:01 of 1st period - Brian Boyle wins face-off versus Patrice Bergeron in neutral zone.
0:32 of 1st period - Snap shot by Daniel Cleary.
0:32 of 1st period - Stopped by Anders Lindback without a rebound.
0:33 of 1st period - Zach Sill wins face-off versus Tomas Plekanec in Predators zone.
1:16 of 1st period - Minor Penalty to Zach Sill for Holding.
1:17 of 1st period - Antoine Vermette wins face-off versus Michael Ryder in Stars zone.
1:40 of 1st period - Wrist shot by Corey Perry.
1:40 of 1st period - Shot Misses the Net.
2:20 of 1st period - Victor Bartley is hit by Eric Brewer and loses puck.
2:52 of 1st period - Eric Brewer is hit by Corey Perry and loses puck.
3:16 of 1st period - Penalty to Zach Sill is over, Zach Sill is back on ice.
3:45 of 1st period - Snap shot by Rob Klinkhammer.
3:45 of 1st period - Deflect By Erik Haula.
3:45 of 1st period - Shot Blocked by Ed Jovanovski.
3:45 of 1st period - Puck is out of play.
3:46 of 1st period - Zach Sill wins face-off versus Tomas Plekanec in Predators zone.
3:55 of 1st period - Wrist shot by Patrick Maroon.
3:55 of 1st period - Shot Misses the Net.
3:57 of 1st period - Slapshot by Roman Josi.
3:57 of 1st period - Goal by Roman Josi - Stars : 0 - Predators : 1.
3:58 of 1st period - Tomas Plekanec wins face-off versus Erik Haula in neutral zone.
4:01 of 1st period - Rob Klinkhammer is hit by Patrick Maroon and loses puck.
4:08 of 1st period - Snap shot by Jamie Oleksiak.
4:08 of 1st period - Stopped by Anders Lindback with a rebound.
4:10 of 1st period - Wrist shot by Jamie Oleksiak.
4:10 of 1st period - Shot Blocked by Victor Bartley.
4:12 of 1st period - Slapshot by Jamie Oleksiak.
4:12 of 1st period - Stopped by Anders Lindback with a rebound.
4:19 of 1st period - Snap shot by Brett Ritchie.
4:19 of 1st period - Shot Blocked by Victor Bartley.
4:21 of 1st period - Wrist shot by Bruno Gervais.
4:21 of 1st period - Shot Misses the Net.
4:23 of 1st period - Wrist shot by Erik Haula.
4:23 of 1st period - Shot Blocked by Victor Bartley.
4:25 of 1st period - Snap shot by Brett Ritchie.
4:25 of 1st period - Shot Blocked by Ben Smith.
5:59 of 1st period - Eric Brewer is hit by Eric Fehr.
6:07 of 1st period - Slapshot by Cody Eakin.
6:07 of 1st period - Stopped by Robin Lehner with a rebound.
6:09 of 1st period - Wrist shot by Nick Schultz.
6:09 of 1st period - Shot Blocked by Eric Brewer.
6:15 of 1st period - Slapshot by Roman Josi.
6:15 of 1st period - Stopped by Robin Lehner with a rebound.
7:19 of 1st period - Icing by Patrice Bergeron.
7:20 of 1st period - Erik Haula wins face-off versus Patrice Bergeron in Predators zone.
7:23 of 1st period - Slapshot by Joe Corvo.
7:23 of 1st period - Shot Blocked by Evander Kane.
7:33 of 1st period - Snap shot by Rob Klinkhammer.
7:33 of 1st period - Deflect By Erik Haula.
7:33 of 1st period - Shot Blocked by Roman Josi.
7:33 of 1st period - Puck is out of play.
7:34 of 1st period - Erik Haula wins face-off versus Antoine Vermette in Predators zone.
7:39 of 1st period - Snap shot by Rob Klinkhammer.
7:39 of 1st period - Goal by Rob Klinkhammer - Stars : 1 - Predators : 1.
7:40 of 1st period - Tomas Plekanec wins face-off versus Zach Sill in neutral zone.
8:01 of 1st period - Snap shot by Tomas Plekanec.
8:01 of 1st period - Stopped by Robin Lehner with a rebound.
8:03 of 1st period - Wrist shot by Eric Fehr.
8:03 of 1st period - Stopped by Robin Lehner with a rebound.
8:05 of 1st period - Slapshot by Brian Lashoff.
8:05 of 1st period - Shot Blocked by Ian Cole.
8:07 of 1st period - Slapshot by Brian Lashoff.
8:07 of 1st period - Stopped by Robin Lehner with a rebound.
8:17 of 1st period - Snap shot by Tomas Plekanec.
8:17 of 1st period - Stopped by Robin Lehner with a rebound.
8:35 of 1st period - Snap shot by Michael Ryder.
8:35 of 1st period - Shot Blocked by Brian Lashoff.
8:43 of 1st period - Wrist shot by Daniel Cleary.
8:43 of 1st period - Stopped by Anders Lindback with a rebound.
8:52 of 1st period - Minor Penalty to Michael Ryder for Tripping.
8:53 of 1st period - Antoine Vermette wins face-off versus Miikka Salomaki in Stars zone.
10:33 of 1st period - Wrist shot by Corey Perry.
10:33 of 1st period - Shot Misses the Net.
10:52 of 1st period - Penalty to Michael Ryder is over, Michael Ryder is back on ice.
11:16 of 1st period - Dmitry Orlov is hit by Patrick Maroon and loses puck.
11:42 of 1st period - Slapshot by Joe Corvo.
11:42 of 1st period - Shot Blocked by Tomas Plekanec.
11:46 of 1st period - Wrist shot by Brett Ritchie.
11:46 of 1st period - Shot Misses the Net.
11:48 of 1st period - Slapshot by Joe Corvo.
11:48 of 1st period - Shot Blocked by Tomas Plekanec.
11:50 of 1st period - Slapshot by Brett Ritchie.
11:50 of 1st period - Shot Misses the Net.
11:52 of 1st period - Wrist shot by Joe Corvo.
11:52 of 1st period - Shot Misses the Net.
11:54 of 1st period - Slapshot by Brett Ritchie.
11:54 of 1st period - Stopped by Anders Lindback with a rebound.
11:56 of 1st period - Slapshot by Eric Brewer.
11:56 of 1st period - Shot Blocked by Victor Bartley.
11:58 of 1st period - Wrist shot by Erik Haula.
11:58 of 1st period - Shot Blocked by Tomas Plekanec.
12:00 of 1st period - Slapshot by Brett Ritchie.
12:00 of 1st period - Stopped by Anders Lindback with a rebound.
12:48 of 1st period - Snap shot by Corey Perry.
12:48 of 1st period - Stopped by Robin Lehner with a rebound.
12:50 of 1st period - Wrist shot by Patrice Bergeron.
12:50 of 1st period - Stopped by Robin Lehner without a rebound.
12:51 of 1st period - Patrice Bergeron wins face-off versus Michael Ryder in Stars zone.
12:52 of 1st period - Wrist shot by Evander Kane.
12:52 of 1st period - Shot Misses the Net.
12:58 of 1st period - Snap shot by Corey Perry.
12:58 of 1st period - Goal by Corey Perry - Stars : 1 - Predators : 2.
12:59 of 1st period - Antoine Vermette wins face-off versus Erik Haula in neutral zone.
13:34 of 1st period - Snap shot by Damien Brunner.
13:34 of 1st period - Stopped by Robin Lehner with a rebound.
13:36 of 1st period - Wrist shot by Antoine Vermette.
13:36 of 1st period - Stopped by Robin Lehner without a rebound.
13:37 of 1st period - Patrice Bergeron wins face-off versus Michael Ryder in Stars zone.
14:33 of 1st period - Dmitry Orlov is hit by Ed Jovanovski.
14:37 of 1st period - Ed Jovanovski is hit by Patrick Eaves.
14:51 of 1st period - Wrist shot by Patrick Eaves.
14:51 of 1st period - Shot Misses the Net.
14:53 of 1st period - Slapshot by Eric Brewer.
14:53 of 1st period - Shot Misses the Net.
15:15 of 1st period - Slapshot by Tomas Plekanec.
15:15 of 1st period - Shot Blocked by Brett Ritchie.
15:17 of 1st period - Snap shot by Victor Bartley.
15:17 of 1st period - Deflect By Eric Fehr.
15:17 of 1st period - Stopped by Robin Lehner with a rebound.
15:23 of 1st period - Snap shot by Cody Eakin.
15:23 of 1st period - Shot Blocked by Eric Brewer.
15:33 of 1st period - Wrist shot by Cody Eakin.
15:33 of 1st period - Shot Blocked by Eric Brewer.
15:35 of 1st period - Slapshot by Nick Schultz.
15:35 of 1st period - Shot Blocked by Erik Haula.
16:00 of 1st period - Roman Josi is hit by Bruno Gervais and loses puck.
16:37 of 1st period - Off-side.
16:38 of 1st period - Tomas Plekanec wins face-off versus Brian Boyle in neutral zone.
16:54 of 1st period - Snap shot by Michael Ryder.
16:54 of 1st period - Stopped by Anders Lindback with a rebound.
17:00 of 1st period - Minor Penalty to Patrick Maroon for Tripping.
17:01 of 1st period - Zach Sill wins face-off versus Antoine Vermette in Predators zone.
17:23 of 1st period - Wrist shot by Roman Josi.
17:23 of 1st period - Shot Blocked by Patrick Eaves.
17:25 of 1st period - Slapshot by Roman Josi.
17:25 of 1st period - Shot Blocked by Eric Brewer.
17:27 of 1st period - Wrist shot by Cody Eakin.
17:27 of 1st period - Stopped by Robin Lehner with a rebound.
19:00 of 1st period - Penalty to Patrick Maroon is over, Patrick Maroon is back on ice.
19:39 of 1st period - Icing by Ed Jovanovski.
19:40 of 1st period - Erik Haula wins face-off versus Damien Brunner in Predators zone.
19:41 of 1st period - Snap shot by Rob Klinkhammer.
19:41 of 1st period - Stopped by Anders Lindback with a rebound.
Goals for this period are 1 for Stars vs 2 for Predators.
Shots for this period are 9 for Stars vs 14 for Predators.

2nd period


0:01 of 2nd period - Eric Fehr wins face-off versus Brian Boyle in neutral zone.
1:07 of 2nd period - Snap shot by Damien Brunner.
1:07 of 2nd period - Stopped by Robin Lehner without a rebound.
1:08 of 2nd period - Antoine Vermette wins face-off versus Erik Haula in Stars zone.
1:41 of 2nd period - Minor Penalty to Bruno Gervais for Tripping.
1:42 of 2nd period - Michael Ryder wins face-off versus Patrice Bergeron in Stars zone.
2:29 of 2nd period - Dmitry Orlov is hit by Corey Perry and loses puck.
3:04 of 2nd period - Snap shot by Patrice Bergeron.
3:04 of 2nd period - Shot Misses the Net.
3:06 of 2nd period - Snap shot by Evander Kane.
3:06 of 2nd period - Shot Misses the Net.
3:08 of 2nd period - Slapshot by Ed Jovanovski.
3:08 of 2nd period - Stopped by Robin Lehner with a rebound.
3:24 of 2nd period - Michael Ryder is hit by Antoine Vermette and loses puck.
3:41 of 2nd period - Penalty to Bruno Gervais is over, Bruno Gervais is back on ice.
4:09 of 2nd period - Cody Eakin is hit by Eric Brewer and loses puck.
4:55 of 2nd period - Snap shot by Cory Conacher.
4:55 of 2nd period - Stopped by Anders Lindback with a rebound.
4:57 of 2nd period - Snap shot by Jamie Oleksiak.
4:57 of 2nd period - Deflect By Cory Conacher.
4:57 of 2nd period - Stopped by Anders Lindback with a rebound.
5:01 of 2nd period - Snap shot by Cory Conacher.
5:01 of 2nd period - Shot Blocked by Nick Schultz.
5:17 of 2nd period - Ed Jovanovski is hit by Bruno Gervais and loses puck.
6:10 of 2nd period - Wrist shot by Antoine Vermette.
6:10 of 2nd period - Shot Misses the Net.
6:12 of 2nd period - Snap shot by Valtteri Filppula.
6:12 of 2nd period - Shot Misses the Net.
6:14 of 2nd period - Slapshot by Brian Lashoff.
6:14 of 2nd period - Deflect By Antoine Vermette.
6:14 of 2nd period - Stopped by Robin Lehner with a rebound.
6:43 of 2nd period - Wrist shot by Eric Brewer.
6:43 of 2nd period - Shot Misses the Net.
6:45 of 2nd period - Slapshot by Joe Corvo.
6:45 of 2nd period - Stopped by Anders Lindback with a rebound.
6:55 of 2nd period - Miikka Salomaki is hit by Patrick Maroon and loses puck.
7:08 of 2nd period - Valtteri Filppula is hit by Eric Brewer.
7:12 of 2nd period - Joe Corvo is hit by Antoine Vermette and loses puck.
7:24 of 2nd period - Icing by Nick Schultz.
7:25 of 2nd period - Damien Brunner wins face-off versus Zach Sill in Predators zone.
7:40 of 2nd period - Wrist shot by Cory Conacher.
7:40 of 2nd period - Shot Misses the Net.
7:55 of 2nd period - Slapshot by Bruno Gervais.
7:55 of 2nd period - Deflect By Patrice Bergeron.
7:55 of 2nd period - Stopped by Anders Lindback without a rebound.
7:56 of 2nd period - Eric Fehr wins face-off versus Michael Ryder in Predators zone.
9:26 of 2nd period - Victor Bartley is hit by Zach Sill and loses puck.
10:17 of 2nd period - Snap shot by Rob Klinkhammer.
10:17 of 2nd period - Goal by Rob Klinkhammer - Stars : 2 - Predators : 2.
10:18 of 2nd period - Erik Haula wins face-off versus Damien Brunner in neutral zone.
10:59 of 2nd period - Snap shot by Corey Perry.
10:59 of 2nd period - Shot Blocked by Zach Sill.
11:06 of 2nd period - Minor Penalty to Cory Conacher for Interference.
11:07 of 2nd period - Antoine Vermette wins face-off versus Michael Ryder in Stars zone.
11:10 of 2nd period - Minor Penalty to Trevor Daley for Tripping.
11:11 of 2nd period - Antoine Vermette wins face-off versus Michael Ryder in Predators zone.
11:36 of 2nd period - Snap shot by Brian Boyle.
11:36 of 2nd period - Shot Misses the Net.
12:21 of 2nd period - Corey Perry is hit by Ian Cole and loses puck.
12:37 of 2nd period - Eric Brewer is hit by Corey Perry and loses puck.
13:00 of 2nd period - Snap shot by Evander Kane.
13:00 of 2nd period - Shot Misses the Net.
13:06 of 2nd period - Penalty to Cory Conacher is over, Cory Conacher is back on ice.
13:10 of 2nd period - Penalty to Trevor Daley is over, Trevor Daley is back on ice.
13:21 of 2nd period - Slapshot by Cory Conacher.
13:21 of 2nd period - Stopped by Anders Lindback with a rebound.
13:23 of 2nd period - Wrist shot by Daniel Cleary.
13:23 of 2nd period - Stopped by Anders Lindback without a rebound.
13:24 of 2nd period - Tomas Plekanec wins face-off versus Zach Sill in Predators zone.
13:33 of 2nd period - Snap shot by Tomas Plekanec.
13:33 of 2nd period - Shot Misses the Net.
14:27 of 2nd period - Slapshot by Rob Klinkhammer.
14:27 of 2nd period - Stopped by Anders Lindback without a rebound.
14:28 of 2nd period - Antoine Vermette wins face-off versus Spencer Machacek in Predators zone.
15:03 of 2nd period - Slapshot by Cory Conacher.
15:03 of 2nd period - Stopped by Anders Lindback without a rebound.
15:04 of 2nd period - Patrice Bergeron wins face-off versus Zach Sill in Predators zone.
15:06 of 2nd period - Minor Penalty to Nick Schultz for Hooking.
15:07 of 2nd period - Tomas Plekanec wins face-off versus Zach Sill in Predators zone.
15:27 of 2nd period - Snap shot by Cory Conacher.
15:27 of 2nd period - Goal by Cory Conacher - Stars : 3 - Predators : 2.
15:28 of 2nd period - Patrice Bergeron wins face-off versus Erik Haula in neutral zone.
15:33 of 2nd period - Wrist shot by Corey Perry.
15:33 of 2nd period - Stopped by Robin Lehner with a rebound.
15:35 of 2nd period - Slapshot by Nick Schultz.
15:35 of 2nd period - Deflect By Joe Corvo.
15:35 of 2nd period - Stopped by Robin Lehner without a rebound.
15:36 of 2nd period - Erik Haula wins face-off versus Patrice Bergeron in Stars zone.
16:28 of 2nd period - Eric Brewer is hit by Damien Brunner and loses puck.
16:47 of 2nd period - Slapshot by Ed Jovanovski.
16:47 of 2nd period - Shot Misses the Net.
16:49 of 2nd period - Slapshot by Ed Jovanovski.
16:49 of 2nd period - Shot Misses the Net.
16:51 of 2nd period - Slapshot by Trevor Daley.
16:51 of 2nd period - Shot Misses the Net.
16:53 of 2nd period - Slapshot by Ed Jovanovski.
16:53 of 2nd period - Stopped by Robin Lehner with a rebound.
16:55 of 2nd period - Backhand shot by Ed Jovanovski.
16:55 of 2nd period - Stopped by Robin Lehner with a rebound.
17:57 of 2nd period - Wrist shot by Corey Perry.
17:57 of 2nd period - Stopped by Robin Lehner without a rebound.
17:58 of 2nd period - Michael Ryder wins face-off versus Patrice Bergeron in Stars zone.
17:58 of 2nd period - Michael Ryder is hit by Victor Bartley.
18:04 of 2nd period - Evander Kane is hit by Miikka Salomaki.
18:08 of 2nd period - Wrist shot by Evander Kane.
18:08 of 2nd period - Deflect By Corey Perry.
18:08 of 2nd period - Shot Blocked by Spencer Machacek.
18:08 of 2nd period - Puck is out of play.
18:09 of 2nd period - Antoine Vermette wins face-off versus Michael Ryder in Stars zone.
18:43 of 2nd period - Minor Penalty to Miikka Salomaki for Hooking.
18:44 of 2nd period - Michael Ryder wins face-off versus Antoine Vermette in Stars zone.
19:31 of 2nd period - Wrist shot by Patrice Bergeron.
19:31 of 2nd period - Shot Misses the Net.
19:33 of 2nd period - Wrist shot by Evander Kane.
19:33 of 2nd period - Goal by Evander Kane - Stars : 3 - Predators : 3.
19:34 of 2nd period - Zach Sill wins face-off versus Patrice Bergeron in neutral zone.
19:58 of 2nd period - Snap shot by Corey Perry.
19:58 of 2nd period - Deflect By Evander Kane.
19:58 of 2nd period - Stopped by Robin Lehner with a rebound.
Goals for this period are 2 for Stars vs 1 for Predators.
Shots for this period are 10 for Stars vs 10 for Predators.

3rd period


0:01 of 3rd period - Patrice Bergeron wins face-off versus Brian Boyle in neutral zone.
0:16 of 3rd period - Wrist shot by Corey Perry.
0:16 of 3rd period - Deflect By Patrice Bergeron.
0:16 of 3rd period - Shot Misses the Net.
0:16 of 3rd period - Puck is out of play.
0:17 of 3rd period - Daniel Cleary wins face-off versus Patrice Bergeron in Stars zone.
0:38 of 3rd period - Snap shot by Michael Ryder.
0:38 of 3rd period - Shot Misses the Net.
0:59 of 3rd period - Icing by Joe Corvo.
1:00 of 3rd period - Brian Boyle wins face-off versus Antoine Vermette in Stars zone.
1:52 of 3rd period - Roman Josi is hit by Erik Haula and loses puck.
2:05 of 3rd period - Snap shot by Erik Haula.
2:05 of 3rd period - Stopped by Anders Lindback with a rebound.
2:07 of 3rd period - Snap shot by Dmitry Orlov.
2:07 of 3rd period - Shot Misses the Net.
2:21 of 3rd period - Snap shot by Erik Haula.
2:21 of 3rd period - Stopped by Anders Lindback with a rebound.
3:23 of 3rd period - Slapshot by Tomas Plekanec.
3:23 of 3rd period - Stopped by Robin Lehner with a rebound.
3:25 of 3rd period - Slapshot by Ben Smith.
3:25 of 3rd period - Stopped by Robin Lehner with a rebound.
3:27 of 3rd period - Snap shot by Patrick Maroon.
3:27 of 3rd period - Shot Blocked by Ian Cole.
3:29 of 3rd period - Slapshot by Brian Lashoff.
3:29 of 3rd period - Shot Misses the Net.
3:31 of 3rd period - Slapshot by Tomas Plekanec.
3:31 of 3rd period - Shot Blocked by Dmitry Orlov.
3:33 of 3rd period - Slapshot by Victor Bartley.
3:33 of 3rd period - Shot Misses the Net.
3:40 of 3rd period - Slapshot by Victor Bartley.
3:40 of 3rd period - Stopped by Robin Lehner without a rebound.
3:41 of 3rd period - Valtteri Filppula wins face-off versus Zach Sill in Stars zone.
4:10 of 3rd period - Wrist shot by Antoine Vermette.
4:10 of 3rd period - Stopped by Robin Lehner with a rebound.
4:12 of 3rd period - Snap shot by Brian Lashoff.
4:12 of 3rd period - Stopped by Robin Lehner without a rebound.
4:13 of 3rd period - Patrice Bergeron wins face-off versus Erik Haula in Stars zone.
4:24 of 3rd period - Wrist shot by Corey Perry.
4:24 of 3rd period - Deflect By Evander Kane.
4:24 of 3rd period - Shot Hit the Post.
4:24 of 3rd period - Puck is out of play.
4:25 of 3rd period - Erik Haula wins face-off versus Patrice Bergeron in Stars zone.
4:29 of 3rd period - Off-side.
4:30 of 3rd period - Erik Haula wins face-off versus Patrice Bergeron in neutral zone.
5:31 of 3rd period - Zach Sill is hit by Trevor Daley and loses puck.
5:47 of 3rd period - Wrist shot by Tomas Plekanec.
5:47 of 3rd period - Shot Misses the Net.
5:53 of 3rd period - Brian Lashoff is hit by Cory Conacher.
6:03 of 3rd period - Backhand shot by Antoine Vermette.
6:03 of 3rd period - Stopped by Robin Lehner with a rebound.
6:05 of 3rd period - Snap shot by Trevor Daley.
6:05 of 3rd period - Stopped by Robin Lehner without a rebound.
6:06 of 3rd period - Brian Boyle wins face-off versus Damien Brunner in Stars zone.
6:06 of 3rd period - Brian Boyle is hit by Antoine Vermette.
6:09 of 3rd period - Minor Penalty to Brian Boyle for Interference.
6:10 of 3rd period - Antoine Vermette wins face-off versus Michael Ryder in Stars zone.
6:13 of 3rd period - Minor Penalty to Antoine Vermette for High sticking.
6:14 of 3rd period - Rob Klinkhammer wins face-off versus Patrice Bergeron in Predators zone.
6:14 of 3rd period - Snap shot by Michael Ryder.
6:14 of 3rd period - Shot Blocked by Roman Josi.
6:16 of 3rd period - Snap shot by Ian Cole.
6:16 of 3rd period - Deflect By Michael Ryder.
6:16 of 3rd period - Shot Misses the Net.
6:16 of 3rd period - Puck is out of play.
6:17 of 3rd period - Patrice Bergeron wins face-off versus Michael Ryder in Predators zone.
6:34 of 3rd period - Slapshot by Patrice Bergeron.
6:34 of 3rd period - Shot Blocked by Dmitry Orlov.
6:40 of 3rd period - Ian Cole is hit by Patrice Bergeron and loses puck.
7:16 of 3rd period - Ian Cole is hit by Nick Schultz and loses puck.
8:09 of 3rd period - Penalty to Brian Boyle is over, Brian Boyle is back on ice.
8:13 of 3rd period - Penalty to Antoine Vermette is over, Antoine Vermette is back on ice.
8:21 of 3rd period - Slapshot by Brian Boyle.
8:21 of 3rd period - Shot Misses the Net.
8:43 of 3rd period - Slapshot by Valtteri Filppula.
8:43 of 3rd period - Stopped by Robin Lehner with a rebound.
8:51 of 3rd period - Eric Brewer is hit by Damien Brunner and loses puck.
8:56 of 3rd period - Wrist shot by Antoine Vermette.
8:56 of 3rd period - Shot Blocked by Joe Corvo.
8:58 of 3rd period - Slapshot by Victor Bartley.
8:58 of 3rd period - Shot Hit the Post.
9:52 of 3rd period - Minor Penalty to Ed Jovanovski for Roughing.
9:53 of 3rd period - Antoine Vermette wins face-off versus Zach Sill in Predators zone.
10:11 of 3rd period - Off-side.
10:12 of 3rd period - Zach Sill wins face-off versus Antoine Vermette in neutral zone.
10:30 of 3rd period - Snap shot by Cory Conacher.
10:30 of 3rd period - Shot Blocked by Evander Kane.
10:32 of 3rd period - Slapshot by Eric Brewer.
10:32 of 3rd period - Goal by Eric Brewer - Stars : 4 - Predators : 3.
10:33 of 3rd period - Antoine Vermette wins face-off versus Zach Sill in neutral zone.
10:47 of 3rd period - Slapshot by Antoine Vermette.
10:47 of 3rd period - Shot Misses the Net.
10:49 of 3rd period - Slapshot by Antoine Vermette.
10:49 of 3rd period - Shot Misses the Net.
10:51 of 3rd period - Snap shot by Damien Brunner.
10:51 of 3rd period - Goal by Damien Brunner - Stars : 4 - Predators : 4.
10:52 of 3rd period - Brian Boyle wins face-off versus Patrice Bergeron in neutral zone.
10:57 of 3rd period - Slapshot by Eric Brewer.
10:57 of 3rd period - Shot Misses the Net.
11:45 of 3rd period - Antoine Vermette is hit by Cory Conacher and loses puck.
12:11 of 3rd period - Bruno Gervais is hit by Valtteri Filppula and loses puck.
12:30 of 3rd period - Jamie Oleksiak is hit by Eric Fehr and loses puck.
12:51 of 3rd period - Wrist shot by Cody Eakin.
12:51 of 3rd period - Shot Misses the Net.
12:53 of 3rd period - Snap shot by Cody Eakin.
12:53 of 3rd period - Shot Blocked by Bruno Gervais.
12:55 of 3rd period - Wrist shot by Tomas Plekanec.
12:55 of 3rd period - Shot Misses the Net.
12:57 of 3rd period - Slapshot by Trevor Daley.
12:57 of 3rd period - Stopped by Robin Lehner with a rebound.
13:12 of 3rd period - Slapshot by Tomas Plekanec.
13:12 of 3rd period - Stopped by Robin Lehner with a rebound.
13:14 of 3rd period - Snap shot by Ed Jovanovski.
13:14 of 3rd period - Shot Blocked by Jamie Oleksiak.
13:16 of 3rd period - Backhand shot by Ben Smith.
13:16 of 3rd period - Stopped by Robin Lehner with a rebound.
13:18 of 3rd period - Snap shot by Tomas Plekanec.
13:18 of 3rd period - Shot Misses the Net.
13:20 of 3rd period - Snap shot by Tomas Plekanec.
13:20 of 3rd period - Shot Hit the Post.
13:22 of 3rd period - Wrist shot by Ed Jovanovski.
13:22 of 3rd period - Stopped by Robin Lehner with a rebound.
13:24 of 3rd period - Slapshot by Victor Bartley.
13:24 of 3rd period - Shot Misses the Net.
13:26 of 3rd period - Wrist shot by Tomas Plekanec.
13:26 of 3rd period - Stopped by Robin Lehner with a rebound.
13:44 of 3rd period - Snap shot by Rob Klinkhammer.
13:44 of 3rd period - Deflect By Brett Ritchie.
13:44 of 3rd period - Shot Blocked by Evander Kane.
13:44 of 3rd period - Puck is out of play.
13:45 of 3rd period - Erik Haula wins face-off versus Patrice Bergeron in Predators zone.
13:50 of 3rd period - Snap shot by Rob Klinkhammer.
13:50 of 3rd period - Stopped by Anders Lindback with a rebound.
13:52 of 3rd period - Slapshot by Dmitry Orlov.
13:52 of 3rd period - Stopped by Anders Lindback with a rebound.
13:54 of 3rd period - Slapshot by Ian Cole.
13:54 of 3rd period - Deflect By Brett Ritchie.
13:54 of 3rd period - Shot Blocked by Brian Lashoff.
13:54 of 3rd period - Puck is out of play.
13:55 of 3rd period - Erik Haula wins face-off versus Antoine Vermette in Predators zone.
14:08 of 3rd period - Wrist shot by Rob Klinkhammer.
14:08 of 3rd period - Stopped by Anders Lindback with a rebound.
14:14 of 3rd period - Slapshot by Rob Klinkhammer.
14:14 of 3rd period - Stopped by Anders Lindback with a rebound.
14:16 of 3rd period - Slapshot by Ian Cole.
14:16 of 3rd period - Shot Blocked by Brian Lashoff.
14:18 of 3rd period - Snap shot by Ian Cole.
14:18 of 3rd period - Goal by Ian Cole - Stars : 5 - Predators : 4.
14:19 of 3rd period - Zach Sill wins face-off versus Patrice Bergeron in neutral zone.
14:24 of 3rd period - Snap shot by Patrick Eaves.
14:24 of 3rd period - Shot Blocked by Evander Kane.
14:54 of 3rd period - Wrist shot by Patrice Bergeron.
14:54 of 3rd period - Shot Blocked by Joe Corvo.
16:03 of 3rd period - Brian Boyle is hit by Ed Jovanovski and loses puck.
16:14 of 3rd period - Daniel Cleary is hit by Antoine Vermette and loses puck.
16:29 of 3rd period - Patrick Maroon is hit by Brian Boyle.
16:30 of 3rd period - Icing by Patrick Maroon.
16:31 of 3rd period - Tomas Plekanec wins face-off versus Zach Sill in Predators zone.
17:42 of 3rd period - Wrist shot by Rob Klinkhammer.
17:42 of 3rd period - Stopped by Anders Lindback with a rebound.
17:48 of 3rd period - Eric Brewer is hit by Evander Kane and loses puck.
18:45 of 3rd period - Predators, Anders Lindback is pulled from the net.
19:31 of 3rd period - Eric Brewer is hit by Corey Perry and loses puck.
19:42 of 3rd period - Wrist shot by Daniel Cleary.
19:42 of 3rd period - Shot Blocked by Corey Perry.
Goals for this period are 2 for Stars vs 1 for Predators.
Shots for this period are 9 for Stars vs 14 for Predators.


Output by the SimonT Hockey Simulator (STHS) for Eric Dolegowski -- Original Page W3C XHTML 1.0 Valid
Hockey Simulator - Hockey Simulation - Hockey Manager